 Dungeon Crawl Stone Soup version 0.31-a0-1057-g70f3316b05 (webtiles) character file.

Game seed: 13103114030703845950

184 Gynju the Shooter (level 5, -3/42 HPs)
             Began as a Formicid Hunter on Nov 20, 2023.
             Slain by an iguana (9 damage)
             ... on level 3 of the Dungeon.
             The game lasted 00:03:46 (2267 turns).

Gynju the Shooter (Formicid Hunter)                 Turns: 2267, Time: 00:03:47

Health: -3/42      AC:  4    Str: 15    XL:     5   Next: 95%
Magic:  5/5        EV: 12    Int:  9    God:
Gold:   159        SH:  5    Dex: 19    Spells: 4/4 levels left

rFire   . . .        a - +0 shortbow
rCold   . . .        k - +0 buckler
rNeg    . . .        c - +0 leather armour
rPois   .            (helmet unavailable)
rElec   .            (no cloak)
rCorr   .            i - +0 pair of gloves
SInv    +            (no boots)
Will    .....        j - amulet of regeneration
Stlth   ++           (no ring)
HPRegen 1.07/turn    (no ring)
MPRegen 0.09/turn

%: no passive effects
@: no status effects
A: permanent stasis, dig shafts and tunnels, antennae 3, four strong arms
a: Dig, Shaft Self


You were on level 3 of the Dungeon.
You visited 1 branch of the dungeon, and saw 4 of its levels.

You collected 159 gold pieces.

Inventory:

Hand Weapons
 a - a +0 shortbow (weapon)
Armour
 c - a +0 leather armour (worn)
 i - a +0 pair of gloves (worn)
 k - a +0 buckler (worn)
Jewellery
 j - an amulet of regeneration (around neck)
Scrolls
 b - a scroll of butterflies
 e - 2 scrolls of identify {unknown}
 l - a scroll of blinking {unknown}
 m - 3 scrolls of teleportation {unknown}
 o - a scroll of amnesia {unknown}
 p - a scroll of acquirement {unknown}
Potions
 d - 3 potions of curing {unknown}
 f - a potion of cancellation {unknown}
 g - 4 potions of might {unknown}
 h - 3 potions of haste {unknown}
 n - a potion of ambrosia {unknown}
 q - 2 potions of mutation {unknown}


   Skills:
 + Level 3.8 Fighting
 + Level 4.8 Ranged Weapons
 + Level 3.0 Dodging
 - Level 1.2 Stealth
 + Level 2.5 Shields


You had 4 spell levels left.
You didn't know any spells.
Your spell library was empty.

Dungeon Overview and Level Annotations

Branches:
Dungeon (4/15)
 Temple: D:4-7

Altars:
Wu Jian

Shops:
D:1 [**!   D:3 (

Annotations:
D:3 1 runed translucent door, paps's ghost, weakling DsGl


Innate Abilities, Weirdness & Mutations

You cannot be hasted, slowed, berserked, paralysed or teleported.
You can dig through walls and to a lower floor.
You have a pair of large antennae on your head. (SInv)
Your four strong arms can wield two-handed weapons with a shield.


Message History

You block the iguana's attack.
You shoot an arrow. The arrow completely misses the iguana.
You block the iguana's attack.
You shoot an arrow. The arrow hits the iguana.
The iguana is almost dead.
The iguana bites you. The iguana barely misses you.
You shoot an arrow. The arrow barely misses the iguana.
The iguana bites you.
You shoot an arrow.
The arrow hits the iguana but does no damage.
The iguana is almost dead.
The iguana bites you.
You shoot an arrow.
The arrow hits the iguana but does no damage.
The iguana is almost dead.
The iguana bites you!
You shoot an arrow. The arrow closely misses the iguana.
The iguana completely misses you.
You shoot an arrow. The arrow closely misses the iguana.
You block the iguana's attack. x2
You shoot an arrow. The arrow hits the iguana.
The iguana is almost dead.
The iguana barely misses you.
You shoot an arrow. The arrow closely misses the iguana.
You block the iguana's attack.
You shoot an arrow.
The arrow hits the iguana but does no damage.
The iguana is almost dead.
The iguana bites you. The iguana barely misses you.
You shoot an arrow. The arrow barely misses the iguana.
The iguana bites you but does no damage.
You shoot an arrow.
The arrow hits the iguana but does no damage.
The iguana is almost dead.
You block the iguana's attack.
You shoot an arrow. The arrow closely misses the iguana.
The iguana bites you!
You shoot an arrow. The arrow barely misses the iguana.
The iguana bites you!
* * * LOW HITPOINT WARNING * * *
You shoot an arrow. The arrow closely misses the iguana.
The iguana completely misses you. The iguana bites you!
You die...

.................#
##.............#.##
##........##..##..##
#..##..##.#........##
....................#
.......##...........#
....##.####........##
...###.# ##....l...##
...# #.# #......@.[.#
...# #.# #..........#
...###.# ##........##
...##..# ##..##..##
...##.#### ########
(........# .........#
.........# .........#
#####


You could see an iguana.

Vanquished Creatures
  A scorpion (D:3)
  An orc wizard (D:3)
  An adder (D:2)
  A worm (D:2)
  5 dart slugs
  4 orcs
  4 bats
  8 endoplasms
  2 giant cockroaches (D:1)
  5 hobgoblins
  5 jackals (D:3)
  6 kobolds
  5 quokkas
  4 ball pythons
  4 frilled lizards
  9 goblins
  4 rats
69 creatures vanquished.

Notes
Turn   | Place    | Note
-------+----------+-------------------------------------------
     0 | D:1      | Gynju the Formicid Hunter began the quest for the Orb.
     0 | D:1      | Reached XP level 1. HP: 16/16 MP: 1/1
   100 | D:1      | Reached XP level 2. HP: 23/23 MP: 2/2
   103 | D:1      | Found Bolemn's Distillery.
   106 | D:1      | Found Emnosm's General Store.
   459 | D:1      | Reached XP level 3. HP: 28/28 MP: 3/3
   550 | D:1      | Found Maddiad's Antique Armour Boutique.
   686 | D:1      | Found Hacw's General Store.
  1190 | D:2      | Reached XP level 4. HP: 35/35 MP: 4/4
  1212 | D:2      | Reached skill level 1 in Shields
  1254 | D:2      | Found an ornate altar of the Wu Jian Council.
  1825 | D:3      | Reached XP level 5. HP: 26/41 MP: 5/5
  1870 | D:3      | Noticed paps's ghost (weakling DsGl)
  1873 | D:3      | Found a runed translucent door.
  1907 | D:3      | Found Cirun's Weapon Emporium.
  2267 | D:3      | Slain by an iguana

Illustrated notes

Levels and vault maps discovered:
D:1:      elethiomel_arrival_infinity_welcomes_careful_drivers,
          layout_loops_ring, serial_shops, shop, nicolae_shop_behind_doors,
          shop, shop_statue
D:2:      layout_loops_ring, basic_altar, chequers_arboretum
D:3:      layout_rooms, hellmonk_ghost_happy_afterlife, serial_shops,
          nicolae_shop_peninsula, st_stairs_5
D:4:      layout_cave_pools

Skill      XL: |  1  2  3  4  5 |
---------------+----------------+-----
Dodging        | 2 3 |  3.0
Fighting       | 3 |  3.8
Shields        | 2 |  2.5
Ranged Weapons | |  4.8
Stealth        | |  1.2

Action                     |  1- 3 |  4- 6 || total
---------------------------+-------+-------++-------
   Fire: Shortbow          |    90 |   178 ||   268
Ability: Dig               |       |     1 ||     1
 Armour: Leather armour    |    15 |    67 ||    82
  Dodge: Dodged            |    22 |    61 ||    83
  Block: Buckler           |     2 |    35 ||    37

Table legend: (Time is in decaauts)
 A = Elapsed time spent in this place.
 B = Non-inter-level travel time spent in this place.
 C = Inter-level travel time spent in this place.
 D = Time resting spent in this place.
 E = Time spent auto-exploring this place.
 F = Levels seen in this place.
 G = Mean time per level.
                   A        B        C        D        E       F      G
               +--------+--------+--------+--------+--------+-----+--------+
         Total |   2337 |   2102 |    235 |      9 |   1596 |   4 |  584.2 |
       Dungeon |   2337 |   2102 |    235 |      9 |   1596 |   4 |  584.2 |
               +--------+--------+--------+--------+--------+-----+--------+

Top non-repeatable levels by time:
     D:1: 937 daAuts
     D:2: 761 daAuts
     D:3: 629 daAuts
     D:4: 9 daAuts
